 Dungeon Sprint DCSS version 0.20.1-1-g8b1a95d (webtiles) character file.

1 potatolord6000 the Chopper (level 1, 0/20 HPs)
             Began as a Hill Orc Monk on Sept 11, 2017.
             Was a Believer of Beogh.
             Slain by an orc
             ... wielding a +0 club
              (3 damage)
             ... in the Dungeon (Sprint VII: "The Pits").
             The game lasted 00:01:37 (100 turns).

potatolord6000 the Chopper (Hill Orc Monk)           Turns: 100, Time: 00:01:38

Health: 0/20       AC:  2    Str: 13    XL:     1   Next: 20%
Magic:  1/1        EV: 13    Int: 10    God:    Beogh [**....]
Gold:   0          SH:  0    Dex: 13    Spells: 0/0 levels left

rFire    . . .     SeeInvis .   j - +2 hand axe
rCold    . . .     Gourm    .   (no shield)
rNeg     . . .     Faith    .   b - +0 robe
rPois    .         Spirit   .   (no helmet)
rElec    .         Reflect  .   (no cloak)
rCorr    .         Harm     .   (no gloves)
MR       .....     NoTele   +   (no boots)
Stlth    ++........             (no amulet)
Regen    0.1/turn               (no ring)
MPRegen  0.1/turn               (no ring)

@: no status effects
A: no striking features
a: Smiting, Renounce Religion


You were in the Dungeon.
You worshipped Beogh.
Beogh was pleased with you.
You were not hungry.

You visited 1 branch

Inventory:

Hand Weapons
 j - a +2 hand axe (weapon)
Armour
 b - a +0 robe (worn)
Scrolls
 i - a scroll of blinking
 k - 3 scrolls of remove curse
 l - 5 scrolls of amnesia
 m - a scroll of summoning
Potions
 a - 2 potions of invisibility
 d - a potion of curing
 e - a potion of heal wounds
 f - a potion of haste
 g - 4 potions of magic
 h - 3 potions of berserk rage
Comestibles
 c - 8 bread rations
 n - 40 fruits
 o - 7 meat rations


   Skills:
 + Level 4.1 Fighting
 + Level 4.2 Axes
 + Level 0.7 Armour
 - Level 2.4 Dodging
 - Level 1.5 Stealth


You couldn't memorise any spells.
You didn't know any spells.

Dungeon Overview and Level Annotations

Branches:
Dungeon (1/1)

Altars:
Ashenzari
Cheibriados
Dithmenos
Elyvilon
Fedhas
Gozag
Hepliaklqana
Kikubaaqudgha
Makhleb
Nemelex Xobeh
Okawaru
Qazlal
Ru
Sif Muna
Trog
Uskayaw
Vehumet
Xom
Yredelemnul
Zin
The Shining One
Beogh
Jiyva
Lugonu


Message History

The orc is severely wounded.
You closely miss the kobold. The kobold misses you. The orc closely misses you.
You hit the orc but do no damage.
The orc is severely wounded.
You hit the kobold but do no damage. The kobold hits you with a short sword.
The orc hits you with a club. The kobold hits you with a short sword.
You hit the orc.
The orc is severely wounded.
You hit the kobold.
You kill the kobold!
Beogh accepts your kill.
Your Fighting skill increases to level 4!
The orc hits you with a club.
* * * LOW HITPOINT WARNING * * *
Unknown command.
You closely miss the orc.
The orc is severely wounded.
The orc hits you with a club.
You die...
Beogh appreciates the orc's killing of a heretic priest.

############
#_________.#
#_________.#
#__.____...###########++
##########'##...........
#.?(.')))'.##......#..#.
##########.##...........
#...........'...........
#+#####@#####......#..#.
#.o)+ #........... #...#
####'#####++ #####
#.......# #.......#
#.......# #...<...#
#.......# #.......#


You could see an orc.

Vanquished Creatures
  A frilled lizard (D)
  A kobold (D)
2 creatures vanquished.

Notes
Turn   | Place    | Note
-------+----------+-------------------------------------------
     0 | D        | potatolord6000 the Hill Orc Monk began the quest for the Orb.
     0 | D        | Reached XP level 1. HP: 19/19 MP: 1/1
    25 | D        | Found a bloodstained altar of Trog.
    25 | D        | Found a deep blue altar of Sif Muna.
    25 | D        | Found a viscous altar of Jiyva.
    25 | D        | Found a hazy altar of Hepliaklqana.
    25 | D        | Found an opulent altar of Gozag.
    60 | D        | Found a glowing golden altar of the Shining One.
    60 | D        | Found a glowing silver altar of Zin.
    60 | D        | Found a basalt altar of Yredelemnul.
    60 | D        | Found a shimmering altar of Xom.
    60 | D        | Found a sacrificial altar of Ru.
    60 | D        | Found a stormy altar of Qazlal.
    60 | D        | Found an iron altar of Okawaru.
    60 | D        | Found a sparkling altar of Nemelex Xobeh.
    60 | D        | Found a burning altar of Makhleb.
    60 | D        | Found a blossoming altar of Fedhas.
    60 | D        | Found a white marble altar of Elyvilon.
    60 | D        | Found a shadowy altar of Dithmenos.
    60 | D        | Found a snail-covered altar of Cheibriados.
    63 | D        | Found a corrupted altar of Lugonu.
    63 | D        | Found a radiant altar of Vehumet.
    63 | D        | Found a roughly hewn altar of Beogh.
    65 | D        | Found a shattered altar of Ashenzari.
    65 | D        | Found an ancient bone altar of Kikubaaqudgha.
    65 | D        | Found a hide-covered altar of Uskayaw.
    76 | D        | Became a worshipper of Beogh the Brigand
    76 | D        | Reached * piety under Beogh
    76 | D        | Reached ** piety under Beogh
   100 | D        | Slain by an orc

Skill      XL: |  1 |
---------------+----+-----
Fighting       | 4 |  4.1
Axes           | |  4.2
Armour         | |  0.7
Dodging        | |  2.4
Stealth        | |  1.5

Action                   || total
-------------------------++-------
Melee: Hand axe          ||     7
Dodge: Dodged            ||     5
